 Dungeon Crawl Stone Soup version 0.30-a0-585-g93115170b9 (webtiles) character file.

Game seed: 1241100084497142406

2249 wormed the Carver (level 9, -18/55 HPs)
             Began as a Tengu Berserker on Jan 2, 2023.
             Was an Elder of Trog.
             Killed by an exploding iguana (31 damage)
             ... ignited by their inner flame
             ... on level 6 of the Dungeon.
             The game lasted 00:06:46 (5756 turns).

wormed the Carver (Tengu Berserker)                 Turns: 5756, Time: 00:06:47

Health: -18/55     AC:  9    Str: 17    XL:     9   Next: 37%
Magic:  10/10      EV: 18    Int:  9    God:    Trog [****..]
Gold:   311        SH:  0    Dex: 17    Spells: 8/8 levels left

rFire   . . .      SeeInvis .    n - +9 spear of the Sky {freeze, Will+}
rCold   . . .      Faith    .    (no shield)
rNeg    . . .      Spirit   .    f - +1 leather armour
rPois   .          Reflect  .    o - +2 hat
rElec   .          Harm     .    e - +1 cloak
rCorr   .          Rampage  .    (no gloves)
Will    ++...                    (boots unavailable)
Stlth   +                        (no amulet)
HPRegen 0.29/turn                p - ring of willpower
MPRegen 0.12/turn                (no ring)

@: flying quickly and evasively, quick
A: beak, talons 3, nimble flight
a: Renounce Religion, Berserk, Trog's Hand, Brothers in Arms


You were on level 6 of the Dungeon.
You worshipped Trog.
Trog was greatly pleased with you.
You visited 1 branch of the dungeon, and saw 6 of its levels.
You also visited: Sewer.

You collected 377 gold pieces.
You spent 66 gold pieces at shops.

Inventory:

Hand Weapons
 a - a +0 falchion
 n - the +9 spear of the Sky (weapon) {freeze, Will+}
   (You found it on level 2 of the Dungeon)

   It freezes those it strikes, dealing additional cold damage.
   It can also slow down cold-blooded creatures.
   Will:      It increases your willpower.
Armour
 e - a +1 cloak (worn)
 f - a +1 leather armour (worn)
 o - a +2 hat (worn)
Jewellery
 p - a ring of willpower (left hand)
Wands
 y - a wand of flame (49)
 E - a wand of paralysis (12)
Scrolls
 d - a scroll of poison
 j - 3 scrolls of amnesia
 k - 5 scrolls of teleportation
 s - a scroll of fear
 w - a scroll of fog
 B - a scroll of magic mapping
 D - 3 scrolls of identify
Potions
 b - a potion of flight
 c - 7 potions of heal wounds
 g - 2 potions of haste
 h - 2 potions of invisibility
 i - 2 potions of mutation
 l - 4 potions of curing
 m - 4 potions of might {unknown}
 q - a potion of ambrosia {unknown}
 r - a potion of resistance {unknown}
 t - 2 potions of brilliance {unknown}
 u - a potion of attraction {unknown}
 x - a potion of cancellation {unknown}
 z - a potion of magic {unknown}
 A - a potion of degeneration


   Skills:
 + Level 6.2 Fighting
 * Level 9.1 Long Blades
 + Level 6.3 Armour
 + Level 6.3 Dodging


You had 8 spell levels left.
You didn't know any spells.
Your spell library was empty.

Dungeon Overview and Level Annotations

Branches:
Dungeon (6/15)             Temple (0/1) D:5           Sewer (visited)

Altars:
Cheibriados
Qazlal
Sif Muna

Shops:
D:5 *   D:6 ?


Innate Abilities, Weirdness & Mutations

You have a beak for a mouth.
You have claws for feet.
Your magical nature lets you fly swiftly and evasively.


Message History

Found 7 stones.
Found a stone staircase leading down.
You see here 7 stones.
There is a stone staircase leading down here.
c - 7 potions of heal wounds (gained 1)
D - 3 scrolls of identify (gained 1)
Found 6 stones.
Found an escape hatch in the floor.
You now have 311 gold pieces (gained 8).
There is an escape hatch in the floor here.
There is an escape hatch in the floor here.
Done exploring.
Done exploring.
Done exploring.
Done exploring.
Done exploring.
As you read the scroll labelled PANIWA JIALAIFOCZU, it crumbles to dust.
Wisps of shadow whirl around you...
It was a scroll of summoning.
As you read the scroll labelled JIOFIY XEATS, it crumbles to dust.
The creatures around you are filled with an inner flame!
It was a scroll of immolation.
As you read the scroll labelled YRPHENN IC ATRI, it crumbles to dust.
Your body is wracked with pain!
Your iguana convulses!
Flame seeps out of your iguana.
Your iguana convulses!
Flame seeps out of your iguana.
Your ogre convulses!
Flame seeps out of your ogre.
It was a scroll of torment.
Your iguana is engulfed in blazing flames.
Your iguana's corpse dissolves into shadows!
Your iguana explodes!
The fiery explosion engulfs your iguana!!
Your iguana's corpse dissolves into shadows!
The fiery explosion engulfs you!
* * * LOW HITPOINT WARNING * * *
Your iguana explodes!
The fiery explosion engulfs you!!
Ouch! That really hurt!
You die...

#.# #.....
#######.# #.###.
#.......# #.# ##
#.####### #.# #
#.# #.# #.#
###.#### #.#
###########.......
#.#
#○○O........#.....
#.###
#@###########.###.
#...# #.#
#........# #.
###.# #.#
#.######.# #. #.#
#.# #.# #.###.
##.## #.# #.#
#.....
####.#.#########.#
#.# #####.
#...###..........#
#.# #.
#.##.#.###########
#.#### #. #.###.##
#....# #.


You could see a friendly ogre (summoned, inner flame).

Vanquished Creatures
  A troll (D:5)
  Prince Ribbit (D:6)
  Sigmund (D:5)
  Eustachio (D:6)
  Duvessa (D:5)
  A black bear (D:6)
  2 centaurs
  An ogre (D:6)
  Blork the orc (D:6)
  A necrophage (D:5)
  3 scorpions
  Dowan (D:5)
  4 hounds
  2 jellies
  2 iguanas
  Crazy Yiuf (D:3)
  Natasha (thrice) (D:3)
  Ijyb (D:4)
  3 orc wizards
  17 adders
  3 river rats (Sewer)
  3 white imps
  2 worms
  3 dart slugs
  12 orcs
  6 endoplasms
  3 giant cockroaches
  10 goblins
  8 hobgoblins
  7 kobolds
  2 quokkas (D:1)
  13 ball pythons
  3 bats
  9 frilled lizards
  12 rats
144 creatures vanquished.

Notes
Turn   | Place    | Note
-------+----------+-------------------------------------------
     0 | D:1      | wormed the Tengu Berserker began the quest for the Orb.
     0 | D:1      | Reached XP level 1. HP: 14/14 MP: 2/2
   149 | D:1      | Reached XP level 2. HP: 16/19 MP: 3/3
   604 | D:2      | Reached XP level 3. HP: 23/23 MP: 4/4
   742 | D:2      | Reached ** piety under Trog
   747 | D:2      | Reached skill level 4 in Long Blades
  1001 | D:2      | Reached XP level 4. HP: 28/28 MP: 5/5
  1293 | D:2      | Identified the +9 spear of the Sky {freeze, Will+}
  1819 | D:3      | Found a faded altar of an unknown god.
  1945 | D:3      | Gained mutation: Your magical nature lets you fly swiftly
                  | and evasively. [Tengu growth]
  1945 | D:3      | Reached XP level 5. HP: 32/32 MP: 6/6
  2064 | D:3      | Found a glowing drain.
  2071 | Sewer    | Entered a sewer
  2187 | Sewer    | Reached *** piety under Trog
  2294 | Sewer    | Reached skill level 5 in Long Blades
  2619 | D:3      | Found a runed translucent door.
  2620 | D:3      | Noticed Crazy Yiuf
  2814 | D:3      | Noticed Natasha
  2818 | D:3      | Killed Natasha
  2819 | D:3      | Reached XP level 6. HP: 38/38 MP: 7/7
  2885 | D:3      | Killed Crazy Yiuf
  2933 | D:3      | Noticed Natasha
  2938 | D:3      | Killed Natasha
  2954 | D:3      | Noticed Natasha
  2961 | D:3      | Killed Natasha
  3120 | D:4      | Reached XP level 7. HP: 43/43 MP: 8/8
  3239 | D:4      | Reached skill level 6 in Long Blades
  3687 | D:4      | Noticed Ijyb
  3694 | D:4      | Killed Ijyb
  3803 | D:5      | Entered Level 5 of the Dungeon
  3855 | D:5      | Noticed Sigmund
  3862 | D:5      | Killed Sigmund
  3888 | D:5      | Found a staircase to the Ecumenical Temple.
  3914 | D:5      | Noticed Duvessa
  3927 | D:5      | Killed Duvessa
  3928 | D:5      | Noticed Dowan
  3934 | D:5      | Killed Dowan
  3935 | D:5      | Reached XP level 8. HP: 34/45 MP: 9/9
  4032 | D:5      | Noticed a troll
  4038 | D:5      | Killed a troll
  4039 | D:5      | Reached skill level 5 in Fighting
  4039 | D:5      | Reached skill level 7 in Long Blades
  4039 | D:5      | Reached skill level 5 in Armour
  4039 | D:5      | Reached skill level 5 in Dodging
  4155 | D:5      | Found a shimmering blue altar of Sif Muna.
  4164 | D:5      | Found a stormy altar of Qazlal.
  4223 | D:5      | Found a snail-covered altar of Cheibriados.
  4354 | D:5      | Reached **** piety under Trog
  4565 | D:5      | Reached skill level 8 in Long Blades
  4777 | D:5      | Found Ymufamas's General Store.
  4922 | D:6      | Noticed Prince Ribbit
  4922 | D:6      | Found Loitoaqu's Magic Scroll Shoppe.
  4933 | D:6      | Killed Prince Ribbit
  4934 | D:6      | Reached XP level 9. HP: 24/55 MP: 10/10
  5061 | D:6      | Bought a scroll of identify for 22 gold pieces
  5061 | D:6      | Bought a scroll of identify for 22 gold pieces
  5061 | D:6      | Bought a scroll of identify for 22 gold pieces
  5195 | D:6      | Noticed Blork the orc
  5200 | D:6      | Noticed Eustachio
  5203 | D:6      | Killed Blork the orc
  5211 | D:6      | Killed Eustachio
  5363 | D:6      | Reached skill level 9 in Long Blades
  5756 | D:6      | Killed by an exploding iguana... ignited by their inner
                  | flame

Illustrated notes

Levels and vault maps discovered:
D:1:      psy_arrival_fountain, layout_rooms
D:2:      layout_basic, supply_closet_lemuel
D:3:      layout_basic, chequers_ecumenical_altar_simple, portal_sewer_entry_e,
          uniq_natasha, uniq_crazy_yiuf_cottage
D:4:      layout_basic, kennysheep_minor_cross,
          hangedman_abyss_or_decor_stagger, uniq_ijyb
D:5:      layout_basic, marbit_many_paths, mainiacjoe_overflow_swirl,
          minmay_temple_entry_offerings, serial_shops, kennysheep_little_box,
          uniq_duvessa, uniq_sigmund
D:6:      layout_loops_ring, serial_shops, nicolae_stop_n_shop_2,
          uniq_eustachio, uniq_prince_ribbit1, uniq_blork_the_orc

Skill      XL: |  1  2  3  4  5  6  7  8  9 |
---------------+----------------------------+-----
Long Blades    | 4 5 6 8 9 |  9.1
Armour         | 3 4 6 |  6.3
Dodging        | 3 4 5 6 |  6.3
Fighting       | 4 5 6 |  6.2

Action                   |  1- 3 |  4- 6 |  7- 9 || total
-------------------------+-------+-------+-------++-------
Melee: Falchion          |    83 |    27 |       ||   110
       Kick              |    16 |    20 |    22 ||    58
       Peck              |     5 |    15 |    17 ||    37
       Punch             |     1 |     1 |     1 ||     3
       Spear             |       |   111 |   135 ||   246
Invok: Berserk           |     2 |       |     4 ||     6
  Use: Scroll            |       |    10 |     9 ||    19
 Stab: Sleeping          |     3 |     4 |       ||     7
       Distracted        |       |       |     1 ||     1
Armor: Animal skin       |    19 |     5 |       ||    24
       Leather armour    |       |    18 |    25 ||    43
Dodge: Dodged            |    44 |    69 |    71 ||   184

Table legend: (Time is in decaauts)
 A = Elapsed time spent in this place.
 B = Non-inter-level travel time spent in this place.
 C = Inter-level travel time spent in this place.
 D = Time resting spent in this place.
 E = Time spent auto-exploring this place.
 F = Levels seen in this place.
 G = Mean time per level.
                   A        B        C        D        E       F      G
               +--------+--------+--------+--------+--------+-----+--------+
         Total |   5560 |   5407 |    153 |    418 |   4063 |   7 |  794.3 |
       Dungeon |   5204 |   5051 |    153 |    418 |   3823 |   6 |  867.3 |
         Sewer |    356 |    356 |      0 |      0 |    240 |   1 |  356.0 |
               +--------+--------+--------+--------+--------+-----+--------+

Top non-repeatable levels by time:
     D:2: 1144 daAuts
     D:5: 1058 daAuts
     D:3: 835 daAuts
     D:6: 800 daAuts
     D:4: 775 daAuts
     D:1: 590 daAuts
   Sewer: 356 daAuts
